 Dungeon Crawl Stone Soup version 0.30.0-29-ga12c61a403 (webtiles) character file.

Game seed: 1392079354181261904

340 monsoonserge the Chopper (level 7, -2/52 HPs)
             Began as a Meteoran Wanderer on June 21, 2023.
             Was an Initiate of Vehumet.
             Slain by a gnoll
             ... wielding a +0 halberd
              (7 damage)
             ... on level 4 of the Dungeon.
             The game lasted 00:14:39 (1661 turns).

monsoonserge the Chopper (Meteoran Wanderer)        Turns: 1661, Time: 00:14:40

Health: -2/52      AC:  6    Str: 14    XL:     7   Next: 12%
Magic:  1/12       EV: 13    Int: 16    God:    Vehumet [......]
Gold:   197        SH:  0    Dex: 13    Spells: 8/12 levels left

rFire   . . .        a - +2 hand axe
rCold   . . .        (no shield)
rNeg    + . .        r - +2 robe {Archmagi}
rPois   .            b - +0 helmet
rElec   .            m - +0 cloak
rCorr   .            (no gloves)
SInv    .            (no boots)
Will    .....        (no amulet)
Stlth   +            w - ring of positive energy
HPRegen 0.28/turn    (no ring)
MPRegen 0.13/turn

%: archmagi
@: glowing, invisible (but backlit and visible)
A: sense surroundings 1, otherworldly, glowing, explore regen
a: Renounce Religion


You were on level 4 of the Dungeon.
You worshipped Vehumet.
Vehumet was noncommittal.
You visited 2 branches of the dungeon, and saw 5 of its levels.

You collected 197 gold pieces.

Inventory:

Hand Weapons
 a - a +2 hand axe (weapon)
Missiles
 h - 12 poisoned darts
Armour
 b - a +0 helmet (worn)
 m - a +0 cloak (worn)
 r - a +2 robe of the Archmagi (worn)
Magical Staves
 v - a staff of air
Jewellery
 w - a ring of positive energy (left hand)
Wands
 s - a wand of light (3)
Scrolls
 e - 2 scrolls of amnesia {unknown}
 f - 2 scrolls of identify {unknown}
 i - a scroll of fear {unknown}
 o - a scroll of blinking {unknown}
 q - a scroll of silence {unknown}
 t - 3 scrolls of teleportation
 u - a scroll of enchant weapon {unknown}
Potions
 c - a potion of haste
 g - a potion of resistance {unknown}
 j - a potion of flight {unknown}
 k - 2 potions of invisibility
 n - a potion of mutation {unknown}


   Skills:
 + Level 1.4 Fighting
 + Level 6.4 Axes
 - Level 2.0 Armour
 + Level 3.3 Dodging
 - Level 3.0 Spellcasting
 * Level 3.7 Conjurations
 * Level 1.3 Hexes
 - Level 2.0 Fire Magic
 * Level 1.8 Evocations


You had 8 spell levels left.
You knew the following spells:

 Your Spells              Type           Power      Damage    Failure   Level
a - Foxfire               Conj/Fire      68%        2x1d7     6%          1
b - Dazzling Flash        Conj/Hex       30%        N/A       21%         3

Your spell library contained the following spells:

 Spells                   Type           Power      Damage    Failure   Level
 Borgnjor's Revivificati  Necr           1%         N/A       100%        8
 Necromutation            Tmut/Necr      1%         N/A       100%        8
 Death's Door             Necr           1%         N/A       100%        9


Dungeon Overview and Level Annotations

Branches:
Dungeon (4/15) Zot: 842    Temple (1/1) D:4 Zot: 495

Altars:
Ashenzari
Cheibriados
Elyvilon
Fedhas
Gozag
Hepliaklqana
Kikubaaqudgha
Nemelex Xobeh
Okawaru
Qazlal
Ru
Sif Muna
Trog
Uskayaw
Vehumet
Yredelemnul
Zin
The Shining One


Innate Abilities, Weirdness & Mutations

You passively map a small area around you.
You are easily found by Zot.
You glow in the dark.
You regain HP and MP as you explore.


Message History

* * * LOW HITPOINT WARNING * * *
Unknown command.
You closely miss the orc. The orc hits you with a +0 war axe.
* * * LOW HITPOINT WARNING * * *
The gnoll barely misses you.
Unknown command.
You feel much better. The orc barely misses you. The gnoll barely misses you.
You closely miss the orc. The orc hits you with a +0 war axe.
The gnoll closely misses you.
You hit the orc.
The orc is lightly wounded.
The gnoll is no longer blind.
The gnoll closely misses you. The orc closely misses you.
The gnoll hits you from afar with a +0 halberd.
You closely miss the orc.
The orc is lightly wounded.
The gnoll closely misses you. The orc hits you but does no damage.
The gnoll closely misses you.
You hit the orc.
The orc is severely wounded.
The gnoll hits you from afar with a +0 halberd!
* * * LOW HITPOINT WARNING * * *
The orc barely misses you. The gnoll closely misses you.
You hit the orc.
You kill the orc!
Vehumet accepts your kill.
The gnoll hits you from afar with a +0 halberd!
* * * LOW HITPOINT WARNING * * *
The gnoll hits you from afar with a +0 halberd.
* * * LOW HITPOINT WARNING * * *
Okay, then.
Aiming: Bolt of Light
Press: ? - help, Shift-Dir - straight line, f - gnoll
Aim: a gnoll, wielding a +0 halberd (75% to hit)
The bolt of light hits the gnoll!
You kill the gnoll!
Vehumet accepts your kill.
The bolt of light misses the gnoll.
The gnoll hits you from afar with a +0 halberd!
You die...

#...# *,#...#
,#...# * #...#
#### ,, #...#
###....,* * *
#...###.... ,
* #...##..#, ,
, ,#...#.).# *
,#.....#@# ,
,#....###)g.#,
* #...##
.g...#
,#...#,,
..#.... * ,
.....#*_ ...
.## #.#.#..
..## #
..!#.#.# * ..#
* ## #.#.
***... , * , ,


You could see 2 gnolls.

Vanquished Creatures
  Sigmund (D:2)
  An orc priest (D:4)
  2 iguanas (D:4)
  An orc wizard (D:4)
  A gnoll (D:4)
  An adder (D:3)
  An ufetubus (D:4)
  4 orcs (D:4)
  8 endoplasms
  5 giant cockroaches
  7 goblins
  5 hobgoblins
  2 quokkas (D:1)
  7 ball pythons
  3 bats
  A frilled lizard (D:3)
  4 kobolds
  6 rats
60 creatures vanquished.

Vanquished Creatures (others)
  43 foxfires
43 creatures vanquished.

Grand Total: 103 creatures vanquished

Notes
Turn   | Place    | Note
-------+----------+-------------------------------------------
     0 | D:1      | monsoonserge the Meteoran Wanderer began the quest for the
                  | Orb.
     0 | D:1      | monsoonserge set off with the following items: a +2 hand
                  | axe, a +0 helmet, a potion of haste, a +0 leather armour;
                  | and the following spell memorised: Foxfire; and the
                  | following spells available to memorise: Dazzling Flash.
     0 | D:1      | Reached XP level 1. HP: 14/14 MP: 3/3
    70 | D:1      | Reached skill level 5 in Axes
   122 | D:1      | Reached XP level 2. HP: 20/20 MP: 3/5
   345 | D:2      | Reached XP level 3. HP: 26/26 MP: 3/6
   491 | D:2      | Noticed Sigmund
   503 | D:2      | Killed Sigmund
   504 | D:2      | Reached skill level 6 in Axes
   504 | D:2      | Reached skill level 1 in Fire Magic
   504 | D:2      | Reached XP level 4. HP: 9/34 MP: 0/9
   504 | D:2      | Reached XP level 5. HP: 10/39 MP: 0/10
   504 | D:2      | Reached XP level 6. HP: 12/46 MP: 0/11
   520 | D:2      | Learned a level 3 spell: Dazzling Flash
   605 | D:3      | Found a faded altar of an unknown god.
   699 | D:3      | Reached skill level 1 in Fighting
  1204 | D:4      | Found a staircase to the Ecumenical Temple.
  1213 | Temple   | Entered the Ecumenical Temple
  1295 | Temple   | Became a worshipper of Vehumet
  1627 | D:4      | Reached skill level 1 in Hexes
  1636 | D:4      | Reached XP level 7. HP: 31/52 MP: 4/12
  1661 | D:4      | Slain by a gnoll

Illustrated notes

Levels and vault maps discovered:
D:1:      dpeg_arrival_renting, layout_rooms, serial_bayou_ford_a,
          minmay_box_of_dots
D:2:      layout_rooms, uniq_sigmund
D:3:      layout_basic, nzn_wu_jian_council_hall,
          shapermc_ecumenical_altar_notcrosses
D:4:      layout_basic, minmay_temple_entry_drinking_statues,
          minmay_ruined_shrine
Temple:   eino_narrow_crystal_temple

Skill      XL: |  1  2  3  4  5  6 |
---------------+-------------------+-----
Axes           | 5 6 |  6.4
Armour         | 2 |  2.0
Dodging        | 3 |  3.3
Spellcasting   | 2 3 |  3.0
Conjurations   | 3 |  3.7
Fire Magic     | 1 2 |  2.0
Fighting       | 1 |  1.4
Hexes          | 1 |  1.3
Evocations     | |  1.8

Action                     |  1- 3 |  4- 6 |  7- 9 || total
---------------------------+-------+-------+-------++-------
  Melee: Hand axe          |    41 |    63 |    20 ||   124
         Punch             |     1 |       |       ||     1
   Cast: Foxfire           |    19 |     8 |       ||    27
         Dazzling Flash    |       |     1 |     2 ||     3
  Evoke: Wand              |       |       |     1 ||     1
    Use: Scroll            |       |     1 |       ||     1
         Potion            |       |       |     3 ||     3
   Stab: Invisible         |       |     1 |       ||     1
 Armour: Leather armour    |    11 |       |       ||    11
         Robe              |       |    24 |     6 ||    30
  Dodge: Dodged            |    16 |    53 |    31 ||   100
